[Event "Fall IM-D Norm Invitational 2022"]
[Site "Charlotte"]
[Date "2022.11.19"]
[Round "3"]
[White "Petenyi, Tamas"]
[Black "Liu, Eric"]
[Result "1-0"]
[ECO "B94"]
[WhiteElo "2410"]
[BlackElo "2182"]
[Annotator "TA"]
[PlyCount "144"]
[EventDate "2022.11.18"]
[EventType "tourn"]
[EventCountry "USA"]
[SourceTitle "playchess.com"]
[Source "ChessBase"]
[SourceQuality "1"]
[TimeControl "5400+30"]

1. e4 c5 2. Nf3 d6 3. d4 cxd4 4. Nxd4 Nf6 5. Nc3 a6 6. Bg5 Nbd7 7. Qe2 $1 {[%emt 0:01:27][%mdl 4] 7.Qe2 is setting a new trend. B94: Sicilian Najdorf: 6 Bg5 Nbd7.} h6 8. Bh4 g6 9. O-O-O {[%emt 0:07:56] White has an edge.} e5 10. Nb3 Qc7 {[%emt 0:00:57] Inhibits f4.} 11. Qc4 Qxc4 (11... Qb8 $1 $14 {feels stronger.}) 12. Bxc4 $16 Be7 13. Bxf6 {[%emt 0:05:03] White has more active pieces. The black rooks are badly placed.} ({White should play} 13. a4 $16) 13... Nxf6 $11 14. Nd5 Nxd5 15. Bxd5 {[%emt 0:00:06] [#]} Ra7 $146 ({Predecessor:} 15... O-O 16. Rd3 Rb8 17. Na5 Be6 18. Rb3 Bxd5 19. exd5 b5 20. Nc6 Bg5+ 21. Kb1 Ra8 {½-½ (50) Asgari,M (2256)-Khalafova,N (2203) Baku 2015}) 16. Rd3 O-O 17. Rhd1 Bd8 18. Kb1 Kg7 19. f3 b6 20. Nd2 (20. Rc3 $5 Rc7 21. Rdd3 $11) 20... b5 {[%emt 0:02:42] Prevents Nc4.} 21. a3 Bb6 22. Ba2 Rd8 23. Nf1 Rad7 24. Ng3 a5 25. b4 $1 axb4 26. axb4 Ra7 27. Ne2 Ra4 ({Better is} 27... Bc7 $14) 28. Rxd6 $16 Rxd6 29. Rxd6 Rxb4+ (29... Be3 $16) 30. Bb3 $1 $18 Bd4 (30... Ba5 $142 31. Ka2 Be6 32. Bxe6 fxe6) 31. Ka2 Be6 $2 (31... Be3 {was necessary.} 32. c3 Rxb3 33. Kxb3 Bc5) 32. Bxe6 $2 (32. Nxd4 $1 Ra4+ 33. Kb2 Rxd4 34. Rxd4 Bxb3 35. Kxb3 $1 exd4 36. Kb4) 32... fxe6 {[%emt 0:00:35][%mdl 4096] Endgame [#] KRB-KRN} 33. c3 $1 (33. Rxe6 Rb2+ 34. Ka3 Rxc2 35. Nxd4 exd4 $17) 33... Ra4+ 34. Kb2 (34. Kb3 $18 Bc5 35. Rxe6) 34... Ba7 {[%emt 0:02:21] This costs Black the game.} (34... Bc5 $16 {keeps fighting.} 35. Rxe6 b4 36. Rxe5 bxc3+ 37. Nxc3 Rc4) 35. Rxe6 b4 36. Kb3 ({Don't take} 36. Rxe5 bxc3+ 37. Kb3 (37. Kxc3 Bb8 $16) (37. Nxc3 Bd4 $18) 37... Ra6 $18) 36... Ra3+ 37. Kxb4 Ra2 38. Nc1 Rb2+ 39. Ka3 Rc2 40. Re7+ Kf6 41. Rxa7 Rxc1 {[%emt 0:00:03] KR-KR} 42. Kb3 Rb1+ 43. Kc4 Rb2 44. Ra6+ Kf7 (44... Kg7 $142 45. h4 Rxg2) 45. Kd5 Rxg2 46. Kxe5 Rg5+ 47. Kf4 Rc5 48. Ra3 Ke6 49. Ke3 Rh5 (49... Rc6 $142 50. f4 h5) 50. Ra6+ Kf7 51. Ra2 Rh3 52. Kf4 Rh5 (52... Ke6 $142 53. c4 Rh5) 53. c4 Rc5 54. Rc2 Ke6 55. Ke3 Ra5 56. f4 {[%emt 0:02:27] c5 is the strong threat.} Kd6 {[%emt 0:00:51] Inhibits c5+.} 57. Kd4 Ra1 58. c5+ Kc6 59. Ke5 {[%emt 0:01:39] Black must now prevent Kf6.} Re1 60. f5 gxf5 61. Kxf5 {[%emt 0:00:01] White mates.} Rf1+ 62. Ke6 h5 63. e5 h4 64. Ke7 h3 65. e6 Rf5 66. Rc3 Rf2 67. Rxh3 Kxc5 68. Kd7 Rd2+ 69. Ke8 Kd6 70. e7 Rf2 71. Kd8 Ra2 72. Rh6+ (72. e8=R $2 Ra8#) 72... Kd5 {Weighted Error Value: White=0.22 (precise) /Black=0.45} 1-0

[Event "Fall IM-D Norm Invitational 2022"]
[Site "Charlotte"]
[Date "2022.11.19"]
[Round "3"]
[White "Lee, Alice"]
[Black "De La Colina, Nicolas"]
[Result "1-0"]
[ECO "E94"]
[WhiteElo "2284"]
[BlackElo "2123"]
[Annotator "TA"]
[PlyCount "85"]
[EventDate "2022.11.18"]
[EventType "tourn"]
[EventCountry "USA"]
[SourceTitle "playchess.com"]
[Source "ChessBase"]
[SourceQuality "1"]
[TimeControl "5400+30"]

1. d4 Nf6 2. c4 g6 3. Nc3 Bg7 4. e4 d6 5. Nf3 O-O 6. Be2 e5 7. O-O Na6 8. Be3 Ng4 {[%emt 0:01:16] 8...Qe7 is the recent fashion.} 9. Bg5 Qe8 10. c5 {[%emt 0:00:07] E94: King's Indian: Classical: 6 Be2 e5 7 0-0: Various Black 7th moves.} h6 11. Bh4 (11. Bb5 c6 12. Bxa6 hxg5 $17) 11... exd4 12. Nd5 {[%emt 0:02:46] aiming for cxd6. The position is equal.} (12. Nxd4 {simplifies} dxc5 13. Nb3 Ne5 14. Bxa6 c4 15. Bxc4 Nxc4 16. Qe2) 12... g5 $132 {[%emt 0:07:45][%mdl 2048] Black puts up resistance} (12... Nxc5 13. Nxc7 Qc6 14. Nxa8 $16) 13. Bg3 c6 $1 (13... Qxe4 14. Bc4 d3 15. Bxd3 Qxd5 16. Bh7+ $1 Kxh7 17. Qxd5 Nxc5 18. h4 $16) (13... dxc5 14. Bxa6 bxa6 15. Nxc7 $16) (13... Nxc5 $2 14. Nxc7 Qxe4 15. Nd2 $18 (15. Nxa8 d3 $16)) 14. Bxd6 cxd5 15. exd5 b6 {[%emt 0:04:49][%cal Ob6c5] Strongly threatening ...bxc5!} 16. c6 {[%emt 0:06:18][%cal Of3d4] [#]} Qd8 $1 17. Bxf8 Kxf8 {[%emt 0:00:23] [#]} 18. Nxd4 $146 ({Predecessor:} 18. Bc4 Qd6 19. Re1 Nc7 20. h3 Ne5 21. Nxe5 Bxe5 22. Qf3 Kg7 23. Qe4 Bf6 24. a4 Ba6 25. b3 Rd8 26. Qd3 Bc8 27. Rac1 Nxd5 28. Bxd5 Qxd5 29. c7 Bb7 {0-1 (29) Avalos Parra,J (2243)-Orsini,A (2376) Sao Paulo 2009}) 18... Qxd5 (18... Nf6 $11) 19. Nb5 $1 $16 {[%emt 0:02:41] The board is on fire.} Qxd1 (19... Qxc6 $2 20. Qd8+ Qe8 21. Qxe8+ Kxe8 22. Nd6+ Kf8 23. Nxc8 Rxc8 24. Bxg4 $18 (24. Bxa6 Rc2 $18)) 20. Raxd1 Ne5 ({Better is} 20... Be5 $14) 21. Rd8+ (21. a3 $16) 21... Ke7 $14 22. c7 Nxc7 $1 23. Nxc7 Kxd8 24. Nxa8 {[%emt 0:00:04] White is more active.} Bb7 (24... Nc6 $1 $14) 25. Rd1+ $16 Kc8 26. Rc1+ Nc6 {[#]} 27. b4 $1 Kb8 (27... Kd8 28. Nc7) 28. Nc7 Nxb4 (28... Kxc7 $14 29. b5 Kd6) 29. a3 Na2 30. Rc2 Nc3 31. Na6+ Ka8 {[%emt 0:05:04] White must now prevent ...Nxe2+.} 32. Bf1 Be5 (32... Bc6 $14) 33. Rd2 {[%emt 0:02:45] Hoping for Rd8+.} Bc8 34. Nb4 $1 {[%emt 0:06:28] Threatens to win with Rd8.} Kb7 $2 (34... Be6 $16) 35. Rc2 $2 ({White must play} 35. Ba6+ $18 Kc7 36. Bxc8 Kxc8 37. Nc6) 35... Bf5 {[%emt 0:01:15] [#]} (35... a5 $11 {keeps the balance.} 36. Na2 (36. Ba6+ Kc7 $14) 36... Nb1) 36. Ba6+ $1 Ka8 {[%emt 0:00:05] [#]} (36... Kb8 $16) 37. Rd2 $1 $18 {[%emt 0:02:28] Rd8+ would kill now.} Bf6 {[%emt 0:00:29] Prevents Rd8+.} 38. Rd6 Ne4 (38... Be6 {is a better defense.} 39. Bc4 Be7) 39. Rc6 {[%emt 0:00:41] White wants to mate with Rc7.} Be5 {[%emt 0:02:27] Prevents Rc7.} 40. Bc4 {[%emt 0:02:05] And now Bd5 would win.} a5 (40... Nf6 $142) 41. Nd3 Bd4 42. g4 (42. Bxf7 Nc3 $18) (42. Rxh6 $6 Nd2 43. Bb5 (43. Bxf7 Bxd3 44. Rd6 Bxf2+ 45. Kh1 Bb5 $16) 43... Nb1 $16) 42... Bd7 {[%emt 0:01:25] [#]} (42... Bxg4 $2 43. Bd5 (43. Bxf7 Kb8 $16) 43... Ka7 44. Bxe4 $18) 43. Bd5 $1 {[%emt 0:01:31] Weighted Error Value: White=0.23 (precise) /Black=0.30} 1-0

[Event "Fall IM-D Norm Invitational 2022"]
[Site "Charlotte"]
[Date "2022.11.19"]
[Round "3"]
[White "Malicka, Maria"]
[Black "Estrada Nieto, Julian"]
[Result "1-0"]
[ECO "C51"]
[WhiteElo "2275"]
[BlackElo "2241"]
[Annotator "TA"]
[PlyCount "133"]
[EventDate "2022.11.18"]
[EventType "tourn"]
[EventCountry "USA"]
[SourceTitle "playchess.com"]
[Source "ChessBase"]
[SourceQuality "1"]
[TimeControl "5400+30"]

1. e4 e5 2. Nf3 Nc6 3. Bc4 Bc5 4. b4 Bb6 5. a4 a6 6. Nc3 Nf6 {[%emt 0:00:19] 6...d6 is not played anymore.} 7. Nd5 d6 {[%emt 0:01:49] C51: Evans Gambit: Declined and Accepted without 5...Ba5.} (7... Nxe4 8. O-O) 8. Nxb6 cxb6 9. d3 Nxb4 {[%emt 0:15:04] The position is equal.} 10. Rb1 {[%emt 0:02:05] [#]} a5 $146 ({Predecessor:} 10... Nc6 11. Be3 O-O 12. Bxb6 Qe7 13. Nd2 Be6 14. O-O d5 15. exd5 Nxd5 16. Rb3 Rab8 {0-1 (38) Matikozian,A (2441)-Amanov,Z (2375) Los Angeles 2013}) 11. c3 Na6 12. Qb3 O-O (12... Nc5 $11 13. Qxb6 (13. Bxf7+ $2 Kf8 $19) 13... O-O) 13. Qxb6 $16 {[%emt 0:05:59] White has more active pieces. The black rooks are badly placed.} Nc5 14. Ba3 (14. Be3 $1 $14) 14... Be6 $1 $11 {[%emt 0:19:35] Hoping for ...Bxc4.} 15. Qxd8 Rfxd8 16. Bxe6 (16. Bb5 {simplifies} Rac8 17. Bxc5 Rxc5 18. c4) 16... Nxd3+ 17. Kd2 Nxf2 {[%emt 0:00:34] Pair of Knights!} 18. Bd5 {[%emt 0:01:48] Rhe1 is the strong threat.} (18. Bf5 $2 Nxh1 19. Ke3 (19. Rxh1 $2 g6 $19) 19... Nf2 $1 20. Kxf2 g6 $19) 18... Nxh1 19. Rxh1 Nxd5 20. exd5 Rac8 21. Rb1 {[%emt 0:09:05][%mdl 1024] White has compensation.} (21. Kc2 $5 ) 21... Rc4 22. Rxb7 Rxa4 {[%emt 0:00:11] [#]} 23. Bxd6 f6 24. Rb6 Kf7 (24... Rc4 $1 $11 {keeps the balance.}) 25. Kc2 (25. Ne1 $16) 25... Ra2+ $14 26. Kd3 Rxg2 27. c4 g5 $2 ({Black should try} 27... Rf2 $14 28. Ke3 Rc2) 28. Rb7+ $18 Kg6 29. Be7 (29. Bc7 $1 $18 Re8 30. Ke3) 29... Rc8 (29... Ra8 $1 $11 {and Black stays safe.} 30. Nd2 (30. Rb6 e4+ 31. Kc3 exf3 $17) 30... Rxh2) 30. d6 (30. c5 $1 $18 {is the precise move to win.}) 30... e4+ $16 31. Kxe4 Rxc4+ 32. Kd3 $1 (32. Kd5 Rf4 33. Rb3 (33. d7 Rxf3 34. d8=Q Rd3+ 35. Ke4 Rxd8 $17) 33... Kf7 $11) 32... Rc1 (32... Rgc2 $1 $14 33. Rb3 (33. d7 R4c3+ 34. Ke4 Re2+ 35. Kd4 Rxf3 $11) 33... Kf7) 33. d7 $18 {[%emt 0:00:33] Black must now prevent Nd2.} Rd1+ 34. Ke3 {[%emt 0:00:15] And now Nd4 would win.} a4 35. Nd4 Re1+ 36. Kf3 Rgg1 37. Ne2 ({Weaker is} 37. d8=B Rgf1+ 38. Kg2 Rg1+ 39. Kf3 Rgf1+ 40. Kg2 Rg1+ 41. Kf3 $11) (37. Rb2 $142 Rxe7 38. d8=Q (38. d8=B $2 {loses.} Rd7 $19)) 37... Rgf1+ 38. Ke3 Rd1 39. d8=Q Rxd8 40. Bxd8 a3 {[%emt 0:00:21] Strongly threatening ...a2.} 41. Ra7 {[%emt 0:00:13] Inhibits a2.} Rh1 42. Bc7 Ra1 43. Nc3 h5 44. Bd6 Re1+ 45. Kf2 Rc1 46. Rxa3 Rc2+ 47. Ne2 Rd2 48. Ra6 Kf7 49. Ke3 Rd1 50. Bc7 h4 51. Nc3 Re1+ 52. Kd2 Rf1 53. Ne4 g4 {[%emt 0:00:29] [#]} 54. Ke2 (54. Rxf6+ $142 $1 Rxf6 55. Nxf6 g3 {[#]} 56. h3 $1 g2 57. Bh2 $1 Kxf6 58. Ke3 Ke6 59. Kf2) 54... Rf3 {[%emt 0:00:51] [#]} 55. Rxf6+ $1 {[%emt 0:00:54] White mates.} Rxf6 56. Nxf6 g3 {[%emt 0:00:36] [#]} 57. h3 $1 Kxf6 {[%emt 0:00:18] KB-KPP} (57... g2 58. Kf2) 58. Bd8+ Kf5 59. Kf3 Kg6 60. Bxh4 Kh5 61. Bxg3 Kg6 62. Kg4 Kh7 63. Kg5 Kg8 64. Kg6 Kh8 65. h4 Kg8 66. h5 Kh8 67. h6 {[%emt 0:00:05] Weighted Error Value: White=0.31/Black=0.51} 1-0

[Event "Fall IM-D Norm Invitational 2022"]
[Site "Charlotte"]
[Date "2022.11.19"]
[Round "3"]
[White "Amburgy, Ryan"]
[Black "Eidelman, Gabriel"]
[Result "1-0"]
[ECO "D37"]
[WhiteElo "2175"]
[BlackElo "2197"]
[Annotator "TA"]
[PlyCount "105"]
[EventDate "2022.11.18"]
[EventType "tourn"]
[EventCountry "USA"]
[SourceTitle "playchess.com"]
[Source "ChessBase"]
[SourceQuality "1"]
[TimeControl "5400+30"]

1. d4 d5 2. c4 e6 3. Nc3 Nf6 4. Nf3 Be7 5. Bf4 O-O 6. e3 Nbd7 7. a3 {[%emt 0:00:12] D37: Queen's Gambit Declined: 5 Bf4.} c5 8. cxd5 Nxd5 9. Nxd5 {[%emt 0:00:06] The position is equal.} exd5 10. dxc5 Nxc5 11. Be5 Bf6 12. Bxf6 Qxf6 13. Qd4 Qe7 {[%emt 0:00:29] Threatens to win with ...Nb3.} 14. Rd1 Rd8 15. Bd3 Nxd3+ 16. Rxd3 {[%emt 0:01:44] [#]} b6 $146 ({Predecessor:} 16... Bf5 17. Rc3 Rac8 18. O-O Rxc3 19. Qxc3 Rc8 20. Qb3 Be4 21. Nd4 h6 22. f3 Bg6 23. Re1 Rc4 24. Qd1 Qc5 25. Qd2 a5 26. b3 Rc3 27. a4 b6 28. Rd1 {½-½ (28) Speelman,J (2589)-Johannessen,L (2525) Malmo 2003}) 17. Qe5 Qd7 {[%emt 0:00:23] And now ...Ba6 would win.} 18. Rc3 Ba6 {[%emt 0:09:58] aiming for ...Qb5.} 19. Nd4 {[%emt 0:01:37] Prevents Qb5.} Rac8 20. Rxc8 Qxc8 (20... Rxc8 $5 21. Kd2 $8 h6 $11) 21. Kd2 {[%emt 0:00:14] Against Qc1+} Qc4 {[%emt 0:00:14] ( -> ...Qd3+)} (21... Re8 $5 22. Qf5 (22. Qxd5 Rd8 $11) 22... Qd8 $14) 22. Qf5 {[%emt 0:00:16] Prevents Qd3+. Active counter play!} Rc8 23. Qc2 g6 24. Qxc4 dxc4 $14 {[%emt 0:00:19][%mdl 4096] Endgame KRB-KRN} 25. e4 Kf8 26. Kc3 Ke7 27. f4 Rc5 28. g4 h5 {[%emt 0:01:41] [#] White now steadily converts the win.} 29. g5 Bc8 30. h4 Bd7 31. Rf1 Bc6 32. Re1 Kd6 {[%emt 0:00:18] [#]} (32... Bb7 $16 {keeps fighting.}) 33. e5+ $1 $18 Ke7 34. e6 {[%emt 0:00:08] Against Bd7} Bg2 $2 (34... Ke8 35. exf7+ Kxf7) 35. exf7+ Kxf7 36. Re6 Bh3 37. Rf6+ Kg7 38. f5 {[%emt 0:06:50] Black must now prevent Ne6+.} Bxf5 {[%emt 0:00:36] [#]} (38... Kh7 39. Rf7+ Kg8 40. fxg6 a6) 39. Rxf5 $1 {[%emt 0:00:03][%mdl 576] Intending Ne6+ and mate. Remove Defender} gxf5 {[%emt 0:02:12] KR-KN} (39... Rc8 40. Rf6) 40. Ne6+ Kg6 41. Nxc5 bxc5 42. Kxc4 {[%emt 0:00:02] KP-KP} (42. a4 $18 f4 43. Kxc4) 42... f4 {[%emt 0:00:22] White mates.} 43. Kd3 Kf5 44. Ke2 c4 45. Kf3 a6 46. a4 a5 47. g6 Kxg6 48. Kxf4 {[%emt 0:00:01] K3P-K3P} Kf6 49. Ke4 Ke6 50. Kd4 Kf5 51. Kxc4 Kg4 52. b4 Kxh4 53. bxa5 {[%emt 0:00:04] Weighted Error Value: White=0.01 (flawless) /Black=0.13 (very precise)} 1-0